 Dungeon Crawl Stone Soup version 0.18.1-5-g4a78601 (webtiles) character file.

143282 Chiseanne the Peltast (level 17, -3/128 HPs)
             Began as a Formicid Fighter on May 10, 2016.
             Was an Initiate of Gozag.
             Slain by a sun demon (10 damage)
             ... summoned by a deep elf mage
             ... on level 2 of the Elven Halls.
             The game lasted 01:53:48 (31598 turns).

Chiseanne the Peltast (Formicid Fighter)           Turns: 31598, Time: 01:53:49

Health: -3/128     AC: 27    Str: 25    XL:     17   Next: 99%
Magic:  17/17      EV: 21    Int:  2    God:    Gozag
Gold:   390        SH: 15    Dex: 15    Spells: 0 memorised, 16 levels left

rFire  . . .     SeeInvis +     s - +3 broad axe (chop)
rCold  + . .     Gourm    .     I - +4 chain mail of Dogma {rPois rC+ Str+2 Int-3}
rNeg   + . .     Faith    .     c - +0 shield
rPois  +         Spirit   .     (helmet unavailable)
rElec  .         Dismiss  .     L - +0 cloak
rCorr  .         Reflect  .     A - +2 pair of gloves {archery}
SustAt .         Harm     .     B - +2 pair of boots
MR     +++..                    (no amulet)
Stlth  ..........               P - +6 ring of evasion
                                g - ring of Fyaqot {rN+ MR++ Str+2 Int-5}

@: drained, extremely resistant to hostile enchantments, extremely unstealthy
A: permanent stasis, dig shafts and tunnels, four strong arms, antennae 3, claws
1, thin metallic scales 1
a: Dig, Shaft Self, Potion Petition, Call Merchant, Bribe Branch, Renounce
Religion


You were on level 2 of the Elven Halls.
You worshipped Gozag.
Gozag was noncommittal.
You were not hungry.

You visited 6 branches of the dungeon, and saw 29 of its levels.
You also visited: Sewer.

You collected 12090 gold pieces.
You spent 5175 gold pieces at shops.
You paid 6525 gold pieces to Gozag.

Inventory:

Hand Weapons
 a - the +9 glaive "Goblinslayer" {chop, rF+ Str+3 Int+4}
   (You bought it in a shop on level 9 of the Dungeon)

   It inflicts extra damage upon your enemies.
   It affects your strength (+3).
   It affects your intelligence (+4).
   It protects you from fire.
 d - a +2 scimitar of flaming
 e - a +0 blowgun
 f - a +1 glaive of protection
 s - a +3 broad axe of chopping (weapon)
 w - the +11 hand crossbow of the Forgotten Lives {velocity, MP+9 Int+6 Dex-2}
   (You bought it in a shop on level 9 of the Dungeon)

   Any bolt fired from it inflicts extra damage.
   It affects your intelligence (+6).
   It affects your dexterity (-2).
   It affects your magic capacity (+9).
Missiles
 m - 5 curare-tipped needles
 p - 149 bolts
 G - 6 throwing nets (quivered) {!*}
Armour
 c - a +0 shield (worn)
 A - a +2 pair of gloves of archery (worn)
 B - a +2 pair of boots (worn)
 I - the +4 chain mail of Dogma (worn) {rPois rC+ Str+2 Int-3}
   (You bought it in a shop on level 10 of the Dungeon)

   It affects your strength (+2).
   It affects your intelligence (-3).
   It protects you from cold.
   It protects you from poison.
 L - a +0 cloak (worn)
Jewellery
 g - the ring of Fyaqot (left hand) {rN+ MR++ Str+2 Int-5}
   (You bought it in a shop on level 15 of the Dungeon)

   [ring of positive energy]

   It affects your strength (+2).
   It affects your intelligence (-5).
   It protects you from negative energy.
   It affects your resistance to hostile enchantments.
 P - a +6 ring of evasion (right hand)
Wands
 n - a wand of iceblast (6/15)
 T - a wand of iceblast (0/15)
 X - a wand of lightning (2/15)
 Z - a wand of iceblast (2/15)
Scrolls
 j - 13 scrolls of remove curse
 l - a scroll of immolation
 o - 6 scrolls of recharging
 q - 6 scrolls of fog
 u - 4 scrolls of magic mapping
 z - 12 scrolls of identify
 C - a scroll of silence
 V - 3 scrolls of fear
Potions
 i - a potion of resistance
 k - 12 potions of curing
 O - a potion of lignification
 R - 3 potions of ambrosia
 U - a potion of cancellation
Miscellaneous
 y - a phial of floods
 M - a sack of spiders {used: 2}
Comestibles
 b - 4 meat rations


   Skills:
 - Level 10.0(9.7) Fighting
 * Level 12.9(14.6) Axes
 * Level 12.8(14.5) Polearms
 - Level 9.1(8.9) Crossbows
 * Level 12.7(12.4) Armour
 * Level 11.8(11.6) Dodging
 - Level 16.2(15.9) Shields


You had 16 spell levels left.
You didn't know any spells.

Dungeon Overview and Level Annotations

Branches:
Dungeon (15/15)            Temple (1/1) D:7            Lair (8/8) D:10
 Shoals (0/4) Lair:5       Spider (0/4) Lair:4        Slime (0/6) Lair:8
    Orc (2/2) D:11            Elf (1/3) Orc:2        Vaults (0/5) D:14
 Depths (1/5) D:15

Altars:
Ashenzari
Cheibriados
Dithmenos
Elyvilon
Fedhas
Gozag
Kikubaaqudgha
Makhleb
Nemelex Xobeh
Okawaru
Pakellas
Qazlal
Ru
Sif Muna
Trog
Vehumet
Xom
Yredelemnul
Zin
The Shining One
Jiyva

Shops:
D:5 [   D:9 (   D:10 %[   D:15 =(   Orc:2 ??![(

Portals:
Hell: Depths:1

Annotations:
D:3 deorigin's ghost, amateur DsGl
D:5 Prince Ribbit
D:9 Chiseanne's ghost, journeyman FoIE


Innate Abilities, Weirdness & Mutations

You are under a permanent stasis effect.
You can dig through walls and to a lower floor.
Your four strong arms can wield two-handed weapons with a shield.
You have a pair of large antennae on your head (SInv).
You have sharp fingernails.
You are partially covered in thin metallic scales (AC +2).


Message History

The jumping spider bites you.
* * * LOW HITPOINT WARNING * * *
The hell rat closely misses you.
The deep elf mage completely misses you.
You barely miss the deep elf mage.
The deep elf mage is almost dead.
You hit the hell rat.
The hell rat is heavily wounded.
You barely miss the sixfirhy.
The sixfirhy is moderately wounded.
You hit the sun demon.
The sun demon is lightly wounded.
You slash the jumping spider!
The jumping spider is almost dead.
You block the sixfirhy's attack. x2; The sixfirhy completely misses you.
The sun demon hits you.
* * * LOW HITPOINT WARNING * * *
You are engulfed in flames!
You die...
Your body crumbles into a pile of gold.

#..........# *,*
#..........# *,*
#.....§....####+##
#..........#.....##
*#.(.....)........##
*#.(.§e...........##
##..$.$...........##
##(e§s4).e........#
##r@.s(.)........#
#43###((........#
#.#.##..(.......#**
#....+..........+,,
#.####..........#**
#.# #..........# #.#
#..........# #.#
#..........# #.#
#..........#**


You could see a sun demon, 2 deep elf archers, a deep elf mage, a sixfirhy, 2
jumping spiders, a red devil and a hell rat.

Vanquished Creatures
  An orc warlord (Orc:1)
  2 frost giants (Depths:1)
  A juggernaut zombie (Depths:1)
  The ghost of unh01y the Severer, a journeyman MiFi of Okawaru (Elf:2)
  A stone giant (Depths:1)
  Nessos (Lair:5)
  A merfolk javelineer (Depths:1)
  3 ettins
  Snorg (Lair:5)
  A fire dragon (D:15)
  2 jiangshi (D:15)
  A yaktaur captain (D:15)
  8 vault guards (D:14)
  Josephine (D:12)
  2 ice dragons
  A catoblepas (Lair:8)
  9 hydras
  A rakshasa (Depths:1)
  Harold (D:10)
  7 centaur warriors
  6 death yaks (Lair:8)
  The ghost of MagicLamp the Bludgeoner, a novice MiCK of Xom (Lair:1)
  2 ogre magi (D:15)
  2 tengu warriors (D:12)
  A vampire mage (Depths:1)
  6 orc high priests
  A deep troll shaman (Lair:8)
  Sonja (Lair:4)
  3 skeletal warriors (D:15)
  6 deep elf knights
  7 hell knights (D:13)
  3 unseen horrors
  6 hill giants
  3 deep elf archers (Elf:1)
  7 orc knights (Orc:2)
  3 necromancers
  A lindwurm (Lair:8)
  10 ugly things
  19 deep elf magi
  3 griffons
  A hornet (D:12)
  2 orc sorcerers
  6 cyclopes
  4 manticores
  An octopode (shapeshifter) (Depths:1)
  13 elephants
  2 centaur zombies
  7 black mambas
  Joseph (D:8)
  A guardian serpent (shapeshifter) (D:13)
  6 spiny frogs
  4 gargoyles
  A rime drake (shapeshifter) (D:12)
  2 efreet
  9 komodo dragons
  A yaktaur (D:12)
  7 trolls
  3 polar bears (Lair:8)
  A merfolk (Lair:5)
  A tengu conjurer (D:15)
  2 boulder beetles
  7 two-headed ogres
  A hornet zombie (D:14)
  17 blink frogs
  15 slime creatures
  A redback (Lair:4)
  Sigmund (D:4)
  8 spriggans (D:8)
  22 yaks
  An air elemental (Elf:1)
  5 wyverns
  A basilisk (Lair:4)
  4 wraiths (D:12)
  12 hippogriffs
  4 hungry ghosts
  6 wargs
  4 vampire mosquitoes
  2 mottled dragons
  7 hell hounds (D:13)
  9 porcupines
  12 water moccasins
  Duvessa (D:5)
  4 sky beasts
  4 ice beasts
  A black bear (D:4)
  37 orc warriors
  4 phantoms
  2 wasps
  18 ogres
  4 boggarts (Depths:1)
  13 centaurs
  20 wolves
  16 crocodiles
  2 big kobolds
  25 giant frogs
  2 wyvern zombies
  2 wyvern skeletons
  2 scorpions
  Dowan (D:5)
  13 killer bees
  5 wights (D:11)
  5 howler monkeys
  6 electric eels
  2 giant frog zombies
  6 crimson imps
  A wasp zombie (D:8)
  2 quasits
  13 hounds
  7 jellies
  4 centaur skeletons
  23 orc priests
  23 orc wizards
  3 giant frog skeletons
  11 iguanas
  A gnoll shaman (D:4)
  Terence (D:3)
  8 worker ants
  Natasha (twice) (D:3)
  7 hell rats (Lair:5)
  A killer bee zombie (D:7)
  33 sheep
  2 hound zombies
  A hound skeleton (D:7)
  A worker ant zombie (D:7)
  5 gnolls (D:4)
  A howler monkey skeleton (D:4)
  29 adders
  79 river rats
  2 shadow imps
  An ooze (D:1)
  An adder skeleton (D:8)
  3 worms
  16 dart slugs
  11 giant geckos
  86 orcs
  9 giant cockroaches
  7 goblins
  10 hobgoblins
  10 jackals
  9 kobolds
  4 quokkas
  7 ball pythons
  9 bats
  13 giant newts
  A quokka skeleton (D:4)
  34 rats
  A bush (Lair:8)
  7 fungi
  15 plants
1060 creatures vanquished.

Vanquished Creatures (collateral kills)
  A hydra (Lair:5)
1 creature vanquished.

Vanquished Creatures (others)
  2 dancing weapons
  A deep elf knight (Elf:1)
  An unseen horror (D:12)
  An orc wizard (Elf:2)
  A shadow imp (D:12)
  6 fungi
  7 plants
19 creatures vanquished.

Grand Total: 1080 creatures vanquished

Notes
Turn   | Place    | Note
--------------------------------------------------------------
     0 | D:1      | Chiseanne the Formicid Fighter began the quest for the Orb.
     0 | D:1      | Reached XP level 1. HP: 18/18 MP: 1/1
   175 | D:1      | Reached XP level 2. HP: 24/24 MP: 2/2
   331 | D:1      | Reached XP level 3. HP: 29/29 MP: 3/3
   403 | D:1      | Reached skill level 4 in Shields
   973 | D:2      | Found an oddly glowing altar of Pakellas.
   975 | D:2      | Found a stormy altar of Qazlal.
   975 | D:2      | Found a burning altar of Makhleb.
   978 | D:2      | Found an opulent altar of Gozag.
   978 | D:2      | Found a bloodstained altar of Trog.
   980 | D:2      | Reached XP level 4. HP: 37/37 MP: 4/4
  1013 | D:2      | Became a worshipper of Gozag Ym Sagoz the Greedy
  1280 | D:2      | Found a shattered altar of Ashenzari.
  1286 | D:2      | Found a radiant altar of Vehumet.
  1464 | D:3      | Noticed Terence
  1476 | D:3      | Killed Terence
  1476 | D:3      | Reached XP level 5. HP: 22/42 MP: 5/5
  1817 | D:3      | Found a glowing drain.
  1821 | Sewer    | Entered a sewer
  2037 | Sewer    | Reached XP level 6. HP: 25/49 MP: 6/6
  2329 | Sewer    | Reached skill level 5 in Shields
  2524 | Sewer    | Reached XP level 7. HP: 23/55 MP: 7/7
  2535 | Sewer    | Reached skill level 5 in Fighting
  3030 | D:3      | Noticed Natasha
  3065 | D:3      | Noticed deorigin's ghost (amateur DsGl)
  3227 | D:2      | Reached skill level 5 in Armour
  3282 | D:3      | Killed Natasha
  3592 | D:3      | Noticed Natasha
  3608 | D:3      | Killed Natasha
  4085 | D:4      | Reached XP level 8. HP: 55/63 MP: 8/8
  4132 | D:4      | Reached skill level 6 in Shields
  4166 | D:4      | Noticed Sigmund
  4174 | D:4      | Killed Sigmund
  4174 | D:4      | Reached skill level 5 in Axes
  4324 | D:4      | Gained mutation: You are partially covered in thin metallic scales (AC +2). [potion of beneficial mutation]
  4628 | D:4      | Reached skill level 7 in Shields
  4785 | D:4      | Reached XP level 9. HP: 42/71 MP: 9/9
  5076 | D:5      | Entered Level 5 of the Dungeon
  5264 | D:5      | Noticed Prince Ribbit
  5397 | D:5      | Found a shadowy altar of Dithmenos.
  5708 | D:5      | Noticed Dowan
  5708 | D:5      | Noticed Duvessa
  5725 | D:5      | Killed Dowan
  5727 | D:5      | Killed Duvessa
  5913 | D:5      | Found Wuablon's Armour Boutique.
  5918 | D:5      | Bought a quicksilver dragon armour for 900 gold pieces
  6000 | D:5      | Bought a cursed +0 pair of boots for 22 gold pieces
  6155 | D:6      | Reached skill level 8 in Shields
  7072 | D:7      | Reached XP level 10. HP: 80/80 MP: 10/10
  7223 | D:7      | Reached skill level 9 in Shields
  7272 | D:7      | Found a staircase to the Ecumenical Temple.
  7304 | Temple   | Entered the Ecumenical Temple
  8830 | D:8      | Noticed Joseph
  8882 | D:8      | Killed Joseph
  8882 | D:8      | Reached skill level 10 in Shields
  8882 | D:8      | Reached XP level 11. HP: 51/89 MP: 3/11
  9281 | D:8      | Identified a scroll of acquirement
  9500 | D:9      | Noticed a centaur warrior
  9513 | D:9      | Killed a centaur warrior
  9566 | D:9      | Noticed Chiseanne's ghost (journeyman FoIE)
 11036 | D:9      | Bought a bloodstained glaive for 299 gold pieces
 11036 | D:9      | Identified the +9 glaive "Goblinslayer" {chop, rF+ Str+3 Int+4} (You bought it in a shop on level 9 of the Dungeon)
 11107 | D:9      | Bought a fine hand crossbow for 221 gold pieces
 11107 | D:9      | Identified the +11 hand crossbow of the Forgotten Lives {velocity, MP+9 Int+6 Dex-2} (You bought it in a shop on level 9 of the Dungeon)
 11161 | D:10     | Entered Level 10 of the Dungeon
 11213 | D:10     | Reached skill level 10 in Fighting
 11213 | D:10     | Reached skill level 10 in Armour
 11372 | D:10     | Found a staircase to the Lair.
 11459 | D:10     | Reached skill level 1 in Polearms
 11493 | D:10     | Noticed a hill giant
 11495 | D:10     | Reached skill level 1 in Dodging
 11507 | D:10     | Killed a hill giant
 11507 | D:10     | Reached skill level 1 in Crossbows
 11697 | D:10     | Noticed a hill giant
 11723 | D:10     | Killed a hill giant
 11870 | D:10     | Reached skill level 11 in Shields
 12026 | D:10     | Noticed Harold
 12044 | D:10     | Killed Harold
 12320 | D:11     | Reached XP level 12. HP: 89/97 MP: 12/12
 12538 | D:11     | Found a staircase to the Orcish Mines.
 12741 | D:12     | Noticed Josephine
 12764 | D:12     | Killed Josephine
 13408 | D:12     | Reached skill level 5 in Polearms
 13456 | D:12     | Reached skill level 12 in Shields
 13493 | D:12     | Noticed an unseen horror
 13493 | D:12     | Noticed a death knight
 13494 | D:12     | Noticed an ice dragon
 13501 | D:12     | Killed an unseen horror
 13517 | D:12     | Killed an ice dragon
 13517 | D:12     | Reached skill level 5 in Crossbows
 13910 | D:10     | Reached skill level 5 in Dodging
 14034 | Orc:1    | Entered Level 1 of the Orcish Mines
 14316 | Orc:1    | Noticed an ettin
 14318 | Orc:1    | Noticed an orc warlord
 14370 | Orc:1    | Reached XP level 13. HP: 103/103 MP: 13/13
 14395 | Orc:1    | Killed an orc warlord
 14414 | Orc:1    | Killed an ettin
 14923 | Orc:2    | Entered Level 2 of the Orcish Mines
 14923 | Orc:2    | Noticed an ettin
 14931 | Orc:2    | Found Zousyffi's Magic Scroll Shoppe.
 14939 | Orc:2    | Killed an ettin
 14950 | Orc:2    | Bought a scroll of acquirement for 728 gold pieces
 14952 | Orc:2    | Bought a scroll of vulnerability for 105 gold pieces
 14952 | Orc:2    | Bought a scroll of torment for 105 gold pieces
 14956 | Orc:2    | Bought a scroll of identify for 28 gold pieces
 14966 | Orc:2    | Found a staircase to the Elven Halls.
 14985 | Orc:2    | Reached skill level 13 in Shields
 16394 | Orc:2    | Reached XP level 14. HP: 104/110 MP: 14/14
 16398 | Orc:2    | Found Riasycim's Magic Scroll Shoppe.
 16401 | Orc:2    | Found Mono's Armour Emporium.
 16403 | Orc:2    | Found Egrir's Antique Weapon Shoppe.
 16404 | Orc:2    | Found Lemeqy's Distillery.
 16410 | Orc:2    | Bought a potion of resistance for 150 gold pieces
 16410 | Orc:2    | Bought a potion of flight for 45 gold pieces
 16410 | Orc:2    | Bought a potion of cure mutation for 375 gold pieces
 16410 | Orc:2    | Bought a potion of magic for 120 gold pieces
 16410 | Orc:2    | Bought a potion of curing for 45 gold pieces
 16410 | Orc:2    | Bought a potion of curing for 45 gold pieces
 16410 | Orc:2    | Bought a potion of curing for 45 gold pieces
 16410 | Orc:2    | Bought a potion of curing for 45 gold pieces
 16410 | Orc:2    | Bought a potion of agility for 60 gold pieces
 16410 | Orc:2    | Bought a potion of curing for 45 gold pieces
 16411 | Orc:2    | Bought a scroll of identify for 22 gold pieces
 16411 | Orc:2    | Bought a scroll of identify for 22 gold pieces
 16411 | Orc:2    | Bought a scroll of identify for 22 gold pieces
 16411 | Orc:2    | Bought a scroll of identify for 22 gold pieces
 16411 | Orc:2    | Bought a scroll of identify for 22 gold pieces
 16411 | Orc:2    | Bought a scroll of immolation for 38 gold pieces
 16671 | Lair:1   | Entered Level 1 of the Lair of Beasts
 16831 | Lair:1   | Noticed MagicLamp's ghost (novice MiCK)
 16858 | Lair:1   | Killed MagicLamp's ghost
 16993 | Lair:1   | Reached skill level 14 in Shields
 19130 | Lair:4   | Noticed Sonja
 19142 | Lair:4   | Killed Sonja
 19270 | Lair:4   | Reached skill level 15 in Shields
 19558 | Lair:4   | Found a hole to the Spider Nest.
 19657 | Lair:4   | Found an opulent altar of Gozag.
 20290 | Lair:5   | Found a staircase to the Shoals.
 20884 | Lair:5   | Noticed Nessos
 20898 | Lair:5   | Killed Nessos
 20898 | Lair:5   | Reached skill level 16 in Shields
 20914 | Lair:5   | Noticed Snorg
 20945 | Lair:5   | Killed Snorg
 21886 | Lair:6   | Reached XP level 15. HP: 115/115 MP: 15/15
 22321 | Lair:7   | Got an ichor-stained trident
 22322 | Lair:7   | Identified the +5 trident of Bupyeq {pierce, Int+3} (You found it on level 7 of the Lair of Beasts)
 22990 | Lair:8   | Entered Level 8 of the Lair of Beasts
 23237 | Lair:8   | Reached skill level 10 in Axes
 23299 | Lair:8   | Found a staircase to the Slime Pits.
 23299 | Lair:8   | Found a viscous altar of Jiyva.
 23650 | Lair:8   | Reached skill level 10 in Polearms
 24728 | D:10     | Bought the +4 chain mail of Dogma {rPois rC+ Str+2 Int-3} for 527 gold pieces
 24747 | D:10     | Bought a beef jerky for 19 gold pieces
 24747 | D:10     | Bought a beef jerky for 19 gold pieces
 24747 | D:10     | Bought a beef jerky for 19 gold pieces
 24747 | D:10     | Bought 3 fruits for 58 gold pieces
 24747 | D:10     | Bought a beef jerky for 19 gold pieces
 24747 | D:10     | Bought a fruit for 19 gold pieces
 25059 | D:12     | Reached XP level 16. HP: 112/122 MP: 16/16
 26068 | D:13     | Reached skill level 10 in Dodging
 27028 | D:14     | Gained mutation: You have sharp fingernails. [potion of beneficial mutation]
 27538 | D:14     | Found a gate to the Vaults.
 28086 | D:15     | Entered Level 15 of the Dungeon
 28172 | D:15     | Reached XP level 17. HP: 128/128 MP: 17/17
 28409 | D:15     | Found a staircase to the Depths.
 28531 | D:15     | Bought a polished broad axe for 360 gold pieces
 28531 | D:15     | Identified the cursed +1 broad axe of the Snake Pit {chop, *Corrode rN++ MR- Str+9} (You bought it in a shop on level 15 of the Dungeon)
 29055 | Depths:1 | Entered Level 1 of the Depths
 29411 | Depths:1 | Found a gateway to Hell.
 30066 | D:15     | Bought the ring of Fyaqot {rN+ MR++ Str+2 Int-5} for 523 gold pieces
 30084 | D:15     | Bought a cursed ring of loudness for 81 gold pieces
 30423 | Elf:1    | Entered Level 1 of the Elven Halls
 31396 | Elf:1    | You fall through a shaft!
 31550 | Elf:2    | Noticed unh01y's ghost (journeyman MiFi)
 31567 | Elf:2    | Killed unh01y's ghost
 31595 | Elf:2    | HP: 5/128 [deep elf archer/arrow (10)]
 31598 | Elf:2    | Slain by a sun demon

Skill      XL: |  1  2  3  4  5  6  7  8  9 10 11 12 13 14 15 16 17 |
---------------+----------------------------------------------------+-----
Shields        | 4 5 7 8 10 11 12 13 16 | 16.2
Axes           | 3 4 5 6 8 9 10 12 | 12.9
Fighting       | 4 5 6 7 9 10 | 10.0
Armour         | 4 5 6 7 9 10 11 12 | 12.7
Polearms       | 3 5 8 9 10 11 12 | 12.8
Dodging        | 2 5 7 8 9 10 11 | 11.8
Crossbows      | 2 5 6 7 9 |  9.1

Action                   |  1- 3 |  4- 6 |  7- 9 | 10-12 | 13-15 | 16-18 || total
-------------------------+-------+-------+-------+-------+-------+-------++-------
Melee: War axe           |    86 |   306 |   449 |   473 |       |       ||  1314
       Glaive            |       |       |       |   229 |   613 |   489 ||  1331
       Broad axe         |       |       |       |    81 |   368 |   146 ||   595
 Fire: Hand crossbow     |       |       |       |    58 |   394 |   236 ||   688
       Blowgun           |       |       |       |       |    13 |       ||    13
Throw: Stone             |     1 |       |       |     2 |       |       ||     3
Invok: Call Merchant     |       |       |       |     1 |     2 |     2 ||     5
       Potion Petition   |       |       |       |     1 |     2 |       ||     3
 Abil: Dig               |     2 |     8 |    11 |    14 |    10 |     9 ||    54
Evoke: Wand              |       |       |       |     5 |     3 |     3 ||    11
       Sack of spiders   |       |       |       |       |     2 |       ||     2
  Use: Scroll            |     7 |     4 |     8 |     8 |     6 |     6 ||    39
       Potion            |       |     6 |     4 |    13 |     4 |    10 ||    37
 Stab: Distracted        |       |       |     3 |     5 |     9 |     4 ||    21
  Eat: Chunk             |     1 |     1 |       |       |       |       ||     2
       Bread ration      |       |     2 |     2 |       |     2 |     1 ||     7
       Pizza             |       |     1 |       |     1 |     2 |     2 ||     6
       Fruit             |       |       |     3 |    30 |     9 |     5 ||    47
       Royal jelly       |       |       |     2 |       |     1 |       ||     3
       Beef jerky        |       |       |       |     3 |     5 |     4 ||    12
       Meat ration       |       |       |       |       |     3 |       ||     3
Armor: Scale mail        |    48 |   168 |   128 |       |       |       ||   344
       Quicksilver drago |       |       |    34 |   291 |   196 |       ||   521
       Skin              |       |       |       |    13 |     7 |       ||    20
       Chain mail        |       |       |       |       |    12 |   214 ||   226
Dodge: Dodged            |    33 |   185 |   257 |   394 |   684 |   406 ||  1959
Block: Shield            |    72 |   247 |   304 |   586 |   773 |   526 ||  2508
